 Dungeon Crawl Stone Soup version 0.30-a0-739-gea05faddec (webtiles) character file.

Game seed: 13220129450526436651

102 Aldia the Shooter (level 4, -1/25 HPs)
             Began as a Deep Elf Hexslinger on Feb 4, 2023.
             Slain by a river rat (4 damage)
             ... in a sewer.
             The game lasted 00:06:23 (2122 turns).

Aldia the Shooter (Deep Elf Hexslinger)             Turns: 2122, Time: 00:06:24

Health: -1/25      AC:  5    Str: 13    XL:     4   Next: 50%
Magic:  10/10      EV: 12    Int: 21    God:
Gold:   120        SH:  0    Dex: 17    Spells: 1/8 levels left

rFire   . . .      SeeInvis .    a - +1 sling
rCold   + + .      Faith    .    (no shield)
rNeg    . . .      Spirit   .    p - +2 leather armour of a bazaar {rC+ Regen+ Int+3}
rPois   .          Reflect  .    (no helmet)
rElec   .          Harm     .    (no cloak)
rCorr   .          Rampage  .    (no gloves)
Will    .....                    (no boots)
Stlth   +                        (no amulet)
HPRegen 1.04/turn                e - +6 ring of strength
MPRegen 0.12/turn                k - ring of protection from cold

@: about to teleport, flying, invisible
A: no striking features
a: no special abilities


You were in a sewer.
You visited 1 branch of the dungeon, and saw 3 of its levels.
You also visited: Sewer.

You collected 120 gold pieces.

Inventory:

Hand Weapons
 a - a +1 sling (weapon)
Armour
 c - a +0 robe
 p - the +2 leather armour of a bazaar (worn) {rC+ Regen+ Int+3}
   (You found it on level 2 of the Dungeon)

   Int:       It affects your intelligence (+3).
   rC:        It protects you from cold.
   Regen:     It increases your rate of health regeneration.
Jewellery
 e - a +6 ring of strength (left hand)
 k - a ring of protection from cold (right hand)
 q - the ring of Modorch {Fly rElec rN++ Will-}
   (You found it on level 2 of the Dungeon)

   [ring of flight]

   rElec:     It insulates you from electricity.
   rN:        It greatly protects you from negative energy.
   Fly:       It grants you flight.
   Will:      It decreases your willpower.
Wands
 o - a wand of paralysis (11)
Scrolls
 b - 3 scrolls of poison
 d - a scroll of fear {unknown}
 f - 2 scrolls of teleportation
 i - a scroll of fog
 n - a scroll of torment {unknown}
 r - 2 scrolls of blinking {unknown}
 t - a scroll of enchant weapon {unknown}
 u - a scroll of immolation {unknown}
 v - a scroll of amnesia {unknown}
 x - a scroll of summoning {unknown}
Potions
 g - 5 potions of curing
 h - 2 potions of mutation
 j - 2 potions of invisibility
 l - a potion of brilliance {unknown}
 m - 3 potions of attraction


   Skills:
 + Level 1.6 Fighting
 * Level 4.5 Ranged Weapons
 + Level 0.6 Armour
 - Level 3.0 Dodging
 + Level 2.8 Spellcasting
 - Level 4.0 Hexes


You had one spell level left.
You knew the following spells:

 Your Spells              Type           Power      Damage    Failure   Level
a - Slow                  Hex            76%        N/A       3%          1
b - Inner Flame           Hex/Fire       11%        N/A       22%         3
c - Portal Projectile     Hex/Tloc       22%        N/A       22%         3

Your spell library contained the following spells:

 Spells                   Type           Power      Damage    Failure   Level
 Confusing Touch          Hex            19%        N/A       10%         3
 Cause Fear               Hex            9%         N/A       32%         4
 Gell's Gravitas          Tloc           3%         N/A       45%         3
 Teleport Other           Tloc           3%         N/A       45%         3
 Vampiric Draining        Necr           3%         2d6       45%         3
 Dispersal                Tloc           1%         N/A       100%        6


Dungeon Overview and Level Annotations

Branches:
Dungeon (3/15)              Sewer (1/1)

Altars:
Makhleb

Shops:
D:1 :   D:3 ?


Message History

You feel sick.
You feel sick.
You are no longer poisoned.
HP restored.
There is a large open door here.
Found two gates leading back out of this place.
You open the large door.
Found a potion of degeneration.
There is a large open door here.
j - 2 potions of invisibility (gained 1)
h - 2 potions of mutation (gained 1)
j - 3 potions of invisibility (gained 1)
There is a large open door here.
You open the large door. 3 river rats come into view.
You shoot a sling bullet. The sling bullet hits the river rat.
The river rat is heavily wounded.
The river rat barely misses you. The river rat bites you!
You shoot a sling bullet.
The sling bullet barely misses the river rat.
The river rat bites you.
You are too injured to fight recklessly!
You are too injured to fight recklessly!
You are too injured to fight recklessly!
You are too injured to fight recklessly!
Okay, then.
You fade into invisibility!
The river rat twitches its whiskers.
The river rat bites you but does no damage.
The river rat bites you!
* * * LOW HITPOINT WARNING * * *
As you read the scroll of teleportation, it crumbles to dust.
You feel strangely unstable. The river rat barely misses you. x2
The river rat bites you.
* * * LOW HITPOINT WARNING * * *
It was a potion of flight.
You feel very buoyant.
You fly up into the air.
The river rat barely misses you. The river rat bites you.
You die...

#.'..†.##~≈.#
#.'..'.##~≈.#
#.#..#.##~≈~#
###..####~≈~#
#..# #~≈†#
###..####~≈~#
#.#..#!##~≈~#
#.rr.'.##~≈.#
#.r@.'.##.≈~#
#.#..#.##~≈~#
# #..####~≈~#
#..# #~≈.#
#∩∩# #~≈.#
#### #~≈~#
#.≈.# #~≈.#
#.≈~#


You could see 3 river rats.

Vanquished Creatures
  3 adders
  A worm (Sewer)
  A dart slug (D:1)
  4 orcs (D:3)
  3 endoplasms
  3 giant cockroaches
  5 hobgoblins
  2 jackals (Sewer)
  8 quokkas
  6 ball pythons
  6 bats
  4 frilled lizards
  8 goblins
  3 kobolds
  A rat (D:1)
58 creatures vanquished.

Notes
Turn   | Place    | Note
-------+----------+-------------------------------------------
     0 | D:1      | Aldia the Deep Elf Hexslinger began the quest for the Orb.
     0 | D:1      | Reached XP level 1. HP: 11/11 MP: 5/5
   149 | D:1      | Reached skill level 1 in Fighting
   163 | D:1      | Reached XP level 2. HP: 16/16 MP: 6/6
   388 | D:1      | Found Onocs's Vocational Training.
   887 | D:2      | Reached XP level 3. HP: 20/20 MP: 8/8
   900 | D:2      | Learned a level 3 spell: Inner Flame
   945 | D:2      | Found a burning altar of Makhleb.
  1020 | D:2      | Found a faded altar of an unknown god.
  1024 | D:2      | Identified the +2 leather armour of a bazaar {rC+ Regen+
                  | Int+3}
  1051 | D:2      | Identified the ring of Modorch {Fly rElec rN++ Will-}
  1618 | D:3      | Learned a level 3 spell: Portal Projectile
  1808 | D:3      | Found Neopnuoq's Magic Scroll Shop.
  1896 | D:3      | Found a glowing drain.
  1900 | Sewer    | Entered a sewer
  1905 | Sewer    | Reached XP level 4. HP: 25/25 MP: 9/9
  2122 | Sewer    | Slain by a river rat

Illustrated notes

Levels and vault maps discovered:
D:1:      elethiomel_arrival_quiet, layout_loops_ring, nicolae_shop_vocational
D:2:      layout_loops_ring, serial_glass, glass_columns_a, glass_columns_c,
          glass_columns_a, glass_columns_a, feat_on_display, item_on_display_a,
          item_on_display_a, basic_altar,
          shapermc_ecumenical_altar_starsandcircs, kennysheep_big_empty_room,
          serial_bayou_pond_d, minivault_26, hangedman_abyss_or_decor_stabs
D:3:      layout_loops_ring, gup_sewer_entry_bowl, serial_shops,
          nicolae_shop_statue_plus, minmay_misc_feat_plants
Sewer:    sewer_fruit_machine

Skill      XL: |  1  2  3 |
---------------+----------+-----
Ranged Weapons | 3 4 |  4.5
Fighting       | 1 |  1.6
Spellcasting   | 2 |  2.8
Dodging        | 3 |  3.0
Armour         | |  0.6
Hexes          | |  4.0

Action                     |  1- 3 |  4- 6 || total
---------------------------+-------+-------++-------
   Fire: Sling             |   119 |    45 ||   164
   Cast: Slow              |       |     1 ||     1
    Use: Scroll            |     5 |     2 ||     7
         Potion            |       |     2 ||     2
 Armour: Robe              |     3 |       ||     3
         Leather armour    |     7 |     5 ||    12
  Dodge: Dodged            |    32 |    12 ||    44

Table legend: (Time is in decaauts)
 A = Elapsed time spent in this place.
 B = Non-inter-level travel time spent in this place.
 C = Inter-level travel time spent in this place.
 D = Time resting spent in this place.
 E = Time spent auto-exploring this place.
 F = Levels seen in this place.
 G = Mean time per level.
                   A        B        C        D        E       F      G
               +--------+--------+--------+--------+--------+-----+--------+
         Total |   2208 |   2101 |    107 |      0 |   1694 |   4 |  552.0 |
       Dungeon |   1937 |   1830 |    107 |      0 |   1508 |   3 |  645.7 |
         Sewer |    271 |    271 |      0 |      0 |    186 |   1 |  271.0 |
               +--------+--------+--------+--------+--------+-----+--------+

Top non-repeatable levels by time:
     D:1: 791 daAuts
     D:2: 776 daAuts
     D:3: 370 daAuts
   Sewer: 271 daAuts
